 Dungeon Crawl Stone Soup version 0.26-a0-1213-gd52f5182fe (webtiles) character file.

Game seed: 1840663592780885923

21 wythoutpain the Conjurer (level 2, 20/20 HPs)
             Began as a Draconian Conjurer on Dec 28, 2020.
             Quit the game on level 2 of the Dungeon on Dec 30, 2020.
             The game lasted 00:11:55 (1321 turns).

wythoutpain the Conjurer (Draconian Conjurer)       Turns: 1321, Time: 00:11:55

Health: 20/20      AC:  6    Str:  9    XL:     2   Next: 62%
Magic:  5/5        EV: 12    Int: 18    God:
Gold:   37         SH:  0    Dex:  9    Spells: 2/5 levels left

rFire    . . .     SeeInvis .   f - +0 whip
rCold    . . .     Faith    .   (no shield)
rNeg     . . .     Spirit   .   (armour unavailable)
rPois    .         Reflect  .   (helmet restricted)
rElec    .         Harm     .   a - +1 cloak
rCorr    .         Rampage  .   (no gloves)
Will     .....                  (no boots)
Stlth    ++........             (no amulet)
HPRegen  0.06/turn              (no ring)
MPRegen  0.09/turn              (no ring)

@: no status effects
A: unfitting armour, cold-blooded, AC +4
a: no special abilities


You were on level 2 of the Dungeon.
You visited 1 branch of the dungeon, and saw 2 of its levels.

You collected 37 gold pieces.

Inventory:

Hand Weapons
 f - a +0 whip (weapon)
 g - a +0 dagger
Missiles
 b - 2 atropa-tipped darts
Armour
 a - a +1 cloak (worn)
Scrolls
 e - a scroll of teleportation {unknown}
Potions
 d - a potion of mutation


   Skills:
 + Level 1.9 Dodging
 + Level 2.1 Stealth
 + Level 2.2 Spellcasting
 + Level 4.4 Conjurations


You had 2 spell levels left.
You knew the following spells:

 Your Spells              Type           Power        Failure   Level
a - Magic Dart            Conj           68%          3%          1
b - Searing Ray           Conj           34%          4%          2

Your spell library contained the following spells:

 Spells                   Type           Power        Failure   Level
 Dazzling Flash           Conj/Hex       18%          22%         3
 Fulminant Prism          Conj/Hex       4%           56%         4
 Iskenderun's Mystic Bla  Conj/Tloc      9%           56%         4


Dungeon Overview and Level Annotations

Branches:
Dungeon (2/15)

Altars:
Makhleb


Innate Abilities, Weirdness & Mutations

Your plain brown scales are hard. (AC +4)
You cannot fit into any form of body armour.
You are cold-blooded and may be slowed by cold attacks.


Message History

The giant cockroach is severely wounded.
The giant cockroach barely misses you.
You barely miss the giant cockroach.
The giant cockroach is severely wounded.
The giant cockroach bites you but does no damage.
You hit the giant cockroach but do no damage.
The giant cockroach is severely wounded.
The giant cockroach misses you.
The giant cockroach bites you but does no damage.
Your magical contamination has completely faded away.
You hit the giant cockroach.
You kill the giant cockroach!
No target in view!
HP restored.
You see here a giant cockroach corpse.
A quokka and a kobold come into view.
Saving game... please wait.
Welcome back, wythoutpain the Draconian Conjurer.
Press ? for a list of commands and other information.
Are you sure you want to abandon this character and quit the game? (Confirm with "yes".)

##################
.......@......†..#
#####..#########.#
#.. #.# #r. #.#
#.. #.# ..K #.#
###. ### #.# #.
..# #.# #.# #.#


You could see a quokka (asleep) and a kobold (asleep).

Vanquished Creatures
  A leopard gecko (D:1)
  4 bats
  3 giant cockroaches
  4 goblins
  A hobgoblin (D:1)
  A frilled lizard (D:1)
  4 rats (D:1)
18 creatures vanquished.

Notes
Turn   | Place    | Note
-------+----------+-------------------------------------------
     0 | D:1      | wythoutpain the Draconian Conjurer began the quest for the
                  | Orb.
     0 | D:1      | Reached XP level 1. HP: 14/14 MP: 3/3
   538 | D:1      | Reached XP level 2. HP: 20/20 MP: 5/5
  1152 | D:1      | Learned a level 2 spell: Searing Ray
  1186 | D:2      | Found a burning altar of Makhleb.
  1321 | D:2      | Upgraded the game from 0.26-a0-1184-g95e395e029 to
                  | 0.26-a0-1213-gd52f5182fe
  1321 | D:2      | Quit the game

Illustrated notes

Levels and vault maps discovered:
D:1:      roderic_crop_circles_arrival_small, layout_loops_corners,
          kennysheep_small_spiral
D:2:      layout_loops_ring, bloody_makhleb

Skill      XL: |  1  2 |
---------------+-------+-----
Stealth        | 2 |  2.1
Dodging        | |  1.9
Spellcasting   | |  2.2
Conjurations   | |  4.4

Action                   || total
-------------------------++-------
Melee: Club              ||    17
       Tailslap          ||     2
       Whip              ||     8
 Cast: Magic Dart        ||    31
  Use: Scroll            ||     4
 Stab: Sleeping          ||     1
Armor: Skin              ||    14
Dodge: Dodged            ||    19

Table legend: (Time is in decaauts)
 A = Elapsed time spent in this place.
 B = Non-inter-level travel time spent in this place.
 C = Inter-level travel time spent in this place.
 D = Time resting spent in this place.
 E = Time spent auto-exploring this place.
 F = Levels seen in this place.
 G = Mean time per level.
                   A        B        C        D        E       F      G
               +--------+--------+--------+--------+--------+-----+--------+
         Total |   1326 |   1247 |     79 |      0 |   1124 |   2 |  663.0 |
       Dungeon |   1326 |   1247 |     79 |      0 |   1124 |   2 |  663.0 |
               +--------+--------+--------+--------+--------+-----+--------+

Top non-repeatable levels by time:
     D:1: 1156 daAuts
     D:2: 170 daAuts
